 Dungeon Crawl Stone Soup version 0.24-a0-10-gb84795d (webtiles) character file.

Game seed: 542862928764276805

83 Lanoc the Cudgeler (level 4, 0/45 HPs)
             Began as a Troll Chaos Knight on Jan 31, 2019.
             Was a Plaything of Xom.
             Succumbed to a gnoll sergeant's poison
             ... on level 1 of the Dungeon.
             The game lasted 00:02:47 (1141 turns).

Lanoc the Cudgeler (Troll Chaos Knight)             Turns: 1141, Time: 00:02:48

Health: 0/45       AC:  7    Str: 21    XL:     4   Next: 22%
Magic:  1/3        EV: 10    Int:  8    God:    Xom [.*....]
Gold:   131        SH:  0    Dex:  9    Spells: 3/3 levels left

rFire    . . .     SeeInvis .   a - +0 mace (chaos)
rCold    . . .     Gourm    +   (no shield)
rNeg     . . .     Faith    .   b - +2 robe
rPois    .         Spirit   +   (helmet restricted)
rElec    .         Reflect  .   d - scarf {Spirit}
rCorr    .         Harm     .   (gloves unavailable)
MR       .....                  (boots unavailable)
Stlth    +.........             (no amulet)
HPRegen  0.55/turn              (no ring)
MPRegen  0.08/turn              (no ring)

@: lethally poisoned (0 -> -7), flying, hasted, very quick
A: large, unfitting armour, claws 3, blurry vision 1, deformed body, fast
metabolism 3, gourmand, regeneration 1, shaggy fur 1, tough skin 3
a: Renounce Religion


You were on level 1 of the Dungeon.
You worshipped Xom.
You were a plaything of Xom.
You were full.

You visited 1 branch of the dungeon, and saw 2 of its levels.

You collected 131 gold pieces.

Inventory:

Hand Weapons
 a - a +0 mace of chaos (weapon)
Armour
 b - a +2 robe (worn)
 d - a scarf of spirit shield (worn)
Scrolls
 f - a scroll of blinking {unknown}
 g - a scroll of fear {unknown}
 h - a scroll of enchant armour
 i - 3 scrolls of identify {unknown}
Comestibles
 c - 3 rations


   Skills:
 + Level 3.0 Fighting
 * Level 3.8 Maces & Flails
 + Level 2.5 Dodging


You had 3 spell levels left.
You didn't know any spells.
Your spell library was empty.

Dungeon Overview and Level Annotations

Branches:
Dungeon (2/15)

Altars:


Innate Abilities, Weirdness & Mutations

You are too large for most types of armour.
You have claws for hands.
Your metabolism is lightning-fast.
You like to eat raw meat.
Your natural rate of healing is unusually fast.
You are covered in fur. (AC +1)
You have extremely tough skin. (AC +3)
Scrolls take you a little longer to read.
Armour fits poorly on your strangely shaped body.


Message History

Okay, then.
* * * LOW HITPOINT WARNING * * *
You feel sick.
* * * LOW HITPOINT WARNING * * *
You feel sick.
* * * LOW HITPOINT WARNING * * *
You feel sick.
* * * LOW HITPOINT WARNING * * *
You feel sick.
Really read with blurry vision while enemies are nearby?
* * * LOW HITPOINT WARNING * * *
You feel sick.
You begin reading the scroll.
You continue reading the scroll.
* * * LOW HITPOINT WARNING * * *
You feel sick.
As you read the scroll labeled OCWAEGH EGABRI, it crumbles to dust.
It is a scroll of enchant armour.
You aren't carrying any armour which can be enchanted further.
You die...
Xom bursts into laughter!

######### #.......#
#>#####.#
#..@..#.##########
#.###............###
#.# #)...###.##....)
#.###.#.b# #..#..###
#.....#.g###.....#
#.#.#.#..g..g....#
#.......####..b#.#
###.#.### #.b##.#
####.#.######..##.#


You could see a gnoll sergeant and a gnoll.

Vanquished Creatures
  A gnoll (D:2)
  3 adders (D:2)
  2 dart slugs
  A leopard gecko (D:1)
  5 bats (D:2)
  A giant cockroach (D:1)
  7 goblins (D:1)
  2 hobgoblins (D:1)
  2 jackals (D:1)
  2 quokkas (D:2)
  2 frilled lizards
  3 kobolds
  8 rats
39 creatures vanquished.

Vanquished Creatures (collateral kills)
  2 giant cockroaches (D:2)
2 creatures vanquished.

Grand Total: 41 creatures vanquished

Notes
Turn   | Place    | Note
-------+----------+-------------------------------------------
     0 | D:1      | Lanoc the Troll Chaos Knight began the quest for the Orb.
     0 | D:1      | Reached XP level 1. HP: 22/22 MP: 0/0
    51 | D:1      | XOM: smoke on damage
   198 | D:1      | Reached XP level 2. HP: 29/29 MP: 1/1
   285 | D:1      | XOM: divination: detect items
   855 | D:2      | Reached XP level 3. HP: 35/36 MP: 2/2
   934 | D:2      | XOM: give mutations
   934 | D:2      | Gained mutation: Your body sometimes deteriorates upon
                  | taking damage. [Xom's mischief]
   934 | D:2      | Lost mutation: Your body sometimes deteriorates upon taking
                  | damage. [Xom's mischief]
   934 | D:2      | Gained mutation: Armour fits poorly on your strangely
                  | shaped body. [Xom's mischief]
   934 | D:2      | Gained mutation: Scrolls take you a little longer to read.
                  | [Xom's mischief]
   999 | D:2      | Reached XP level 4. HP: 40/44 MP: 3/3
  1018 | D:2      | Noticed a gnoll sergeant
  1029 | D:2      | XOM: swap monsters
  1038 | D:2      | XOM: summons 4 friendly demons
  1050 | D:2      | XOM: polymorph quasit -> crimson imp
  1129 | D:1      | XOM: butterfly on damage
  1132 | D:1      | XOM: harmless Summ miscast
  1139 | D:1      | HP: 2/45 [poisoned by a gnoll sergeant]
  1141 | D:1      | Succumbed to a gnoll sergeant's poison

Vault maps used:
D:1:      lemuel_arrival_hallway

Skill      XL: |  1  2  3  4 |
---------------+-------------+-----
Dodging        | 2 |  2.5
Maces & Flails | 3 |  3.8
Fighting       | 3 |  3.0

Action                   |  1- 3 |  4- 6 || total
-------------------------+-------+-------++-------
Melee: Mace              |    97 |    12 ||   109
  Use: Potion            |       |     2 ||     2
       Scroll            |       |     1 ||     1
 Stab: Confused          |     1 |       ||     1
       Sleeping          |     1 |       ||     1
  Eat: Chunk             |    11 |     2 ||    13
Armor: Robe              |    38 |     3 ||    41
Dodge: Dodged            |    66 |     9 ||    75

Table legend:
 A = Non-vault XP
 B = Vault XP
 C = Vault XP percentage of total XP
 D = Non-vault monster count
 E = Vault monster count
 F = Vault count percentage of total count
                 A         B        C        D         E       F
            +---------+---------+-------+---------+---------+-------
      Total |     119 |       0 |   0.0 |      41 |       0 |   0.0
            +---------+---------+-------+---------+---------+-------
        D:1 |      37 |       0 |   0.0 |      20 |       0 |   0.0
        D:2 |      82 |       0 |   0.0 |      21 |       0 |   0.0
            +---------+---------+-------+---------+---------+-------
